 Dungeon Crawl Stone Soup version 0.30-a0-802-gb92711bcdf (webtiles) character file.

Game seed: 16013952746860615071

37 Bitman the Trooper (level 3, 33/33 HPs)
             Began as a Minotaur Fighter on Feb 25, 2023.
             Was an Initiate of Makhleb.
             Quit the game on level 2 of the Dungeon on Mar 17, 2024.
             The game lasted 00:04:17 (944 turns).

Bitman the Trooper (Minotaur Fighter)                Turns: 944, Time: 00:04:18

Health: 33/33      AC: 11    Str: 22    XL:     3   Next: 21%
Magic:  2/2        EV:  7    Int:  5    God:    Makhleb [......]
Gold:   75         SH:  4    Dex:  9    Spells: 2/2 levels left

rFire   . . .      SeeInvis .    a - +0 war axe
rCold   . . .      Faith    .    c - +0 buckler
rNeg    . . .      Spirit   .    i - +0 storm dragon scales
rPois   .          Reflect  .    (helmet restricted)
rElec   +          Harm     .    (no cloak)
rCorr   .          Rampage  .    (no gloves)
Will    .....                    (no boots) Stlth
                                 (no amulet)
HPRegen 0.25/turn                (no ring)
MPRegen 0.08/turn                (no ring)

@: no status effects
A: horns 2, retaliatory headbutt
a: Renounce Religion


You were on level 2 of the Dungeon.
You worshipped Makhleb.
Makhleb was noncommittal.
You visited 1 branch of the dungeon, and saw 2 of its levels.

You collected 75 gold pieces.

Inventory:

Hand Weapons
 a - a +0 war axe (weapon)
Missiles
 b - 5 boomerangs (quivered)
Armour
 c - a +0 buckler (worn)
 i - +0 storm dragon scales (worn)
Scrolls
 e - a scroll of fog {unknown}
 g - a scroll of vulnerability {unknown}
Potions
 d - a potion of might
 f - a potion of degeneration {unknown}
 h - a potion of heal wounds {unknown}
 j - a potion of resistance {unknown}


   Skills:
 + Level 4.0 Fighting
 * Level 3.2 Axes
 + Level 4.0 Armour
 + Level 0.7 Dodging
 + Level 3.9 Shields


You had 2 spell levels left.
You didn't know any spells.
Your spell library contained the following spells:

 Spells                   Type           Power      Damage    Failure   Level
 Kiss of Death            Conj/Necr      0%         2d5       99%         1
 Blink                    Tloc           0%         N/A       100%        2
 Confusing Touch          Hex            0%         N/A       100%        3
 Dispel Undead            Necr           0%         3d6       100%        4
 Manifold Assault         Tloc           0%         N/A       100%        4
 Storm Form               Tmut/Air       0%         N/A       100%        7


Dungeon Overview and Level Annotations

Branches:
Dungeon (2/15)

Altars:
Makhleb


Innate Abilities, Weirdness & Mutations

You have a pair of horns on your head.
You reflexively headbutt those who attack you in melee.


Message History

You kill the goblin!
No target in view!
No target in view!
You now have 75 gold pieces (gained 12).
Things that are here:
a +0 dagger; a goblin corpse
There is a stone staircase leading up here.
You see here a +4 hand axe.
There is a stone staircase leading up here.
Things that are here:
a +0 dagger; a goblin corpse An endoplasm comes into view.
Found an escape hatch in the ceiling.
A kobold comes into view. It is wielding a +0 short sword.
The kobold shouts!
You hear a shout!
The endoplasm freezes you.
You are frozen.
You barely miss the endoplasm. You headbutt the endoplasm.
You kill the endoplasm!
You barely miss the kobold.
A hobgoblin comes into view.
The kobold closely misses you.
You hit the kobold but do no damage. You block the kobold's attack.
You slash the kobold!
You kill the kobold!
You hit the hobgoblin.
The hobgoblin is almost dead.
The hobgoblin barely misses you.
You slash the hobgoblin!
You kill the hobgoblin!
No target in view!
There is a burning altar of Makhleb here.
You kneel at the altar of Makhleb.
Makhleb welcomes you!
Are you sure you want to abandon this character and quit the game? (Confirm with "yes".)
Okay, then.
Welcome back, Bitman the Minotaur Fighter.
Blood and souls for Makhleb!
Press ? for a list of commands and other information.
Are you sure you want to abandon this character and quit the game? (Confirm with "yes".)

# #.. .####.#.#
......#<###.# ##
.......#....# <.
#######.##### #. #.#
. ..####. #.### .#
......(### #...##.##
##.@.## ###........#
#.....###........#.#
##.....##.....[...#.
#..._...............
#......#............#
#........#)#...###..#
#.#.######.#...# ..#
#.#. #<#..># #.#.
#.#####


There were no monsters in sight!

Vanquished Creatures
  4 bats (D:1)
  An endoplasm (D:2)
  3 goblins
  2 hobgoblins
  10 jackals (D:1)
  A quokka (D:1)
  A frilled lizard (D:1)
  3 kobolds
  8 rats (D:1)
33 creatures vanquished.

Notes
Turn   | Place    | Note
-------+----------+-------------------------------------------
     0 | D:1      | Bitman the Minotaur Fighter began the quest for the Orb.
     0 | D:1      | Reached XP level 1. HP: 19/19 MP: 0/0
   117 | D:1      | Reached XP level 2. HP: 27/27 MP: 1/1
   684 | D:1      | Reached XP level 3. HP: 33/33 MP: 2/2
   901 | D:2      | Found a burning altar of Makhleb.
   940 | D:2      | Became a worshipper of Makhleb the Destroyer
   944 | D:2      | Quit the game

Illustrated notes

Levels and vault maps discovered:
D:1:      dpeg_arrival_ratfight, layout_basic
D:2:      layout_loops_ring, basic_altar, uniq_sigmund, uniq_crazy_yiuf_cottage

Skill      XL: |  1  2 |
---------------+-------+-----
Fighting       | 4 |  4.0
Axes           | 3 |  3.2
Armour         | 4 |  4.0
Dodging        | |  0.7
Shields        | |  3.9

Action                     || total
---------------------------++-------
  Melee: War axe           ||    58
         Headbutt          ||     6
 Armour: Scale mail        ||    19
         Storm dragon scal ||     7
  Dodge: Dodged            ||    31
  Block: Buckler           ||    13

Table legend: (Time is in decaauts)
 A = Elapsed time spent in this place.
 B = Non-inter-level travel time spent in this place.
 C = Inter-level travel time spent in this place.
 D = Time resting spent in this place.
 E = Time spent auto-exploring this place.
 F = Levels seen in this place.
 G = Mean time per level.
                   A        B        C        D        E       F      G
               +--------+--------+--------+--------+--------+-----+--------+
         Total |    966 |    918 |     48 |      0 |    718 |   2 |  483.0 |
       Dungeon |    966 |    918 |     48 |      0 |    718 |   2 |  483.0 |
               +--------+--------+--------+--------+--------+-----+--------+

Top non-repeatable levels by time:
     D:1: 911 daAuts
     D:2: 55 daAuts
